[Event "ICC tourney 2552 (3 2)"]
[Site "Internet Chess Club"]
[Date "2021.05.07"]
[Round "1"]
[White "MATHEUSSEN, JACK:K03-17193974"]
[Black "ZHOU, MASON:K06-16827638"]
[Result "1-0"]
[ICCResult "Black forfeits on time"]
[WhiteElo "1400"]
[BlackElo "1400"]
[Opening "Queen's pawn, Mason variation"]
[ECO "D00"]
[NIC "QP.08"]
[Time "18:02:44"]
[PlyCount "101"]
[TimeControl "180+2"]

1. d4 d5 2. Bf4 Nf6 3. e3 e6 4. Bd3 Be7 5. Nf3 O-O 6. Nbd2 Nbd7 7. O-O b6
8. Re1 Bb7 9. c4 c5 10. cxd5 exd5 11. dxc5 bxc5 12. Rc1 Rc8 13. Qe2 Qb6 14.
b3 h6 15. e4 dxe4 16. Bxe4 Nxe4 17. Nxe4 Bxe4 18. Qxe4 Bf6 19. Qd5 Rcd8 20.
Be3 Be7 21. Bxh6 gxh6 22. Rxe7 Nf6 23. Qxc5 Qxc5 24. Rxc5 Rfe8 25. Rxe8+
Rxe8 26. h3 Re2 27. a4 Rb2 28. Nd4 Rd2 29. Nc6 a6 30. Ra5 Rd3 31. Rxa6 Rxb3
32. a5 Nd5 33. Ra8+ Kg7 34. a6 Ra3 35. a7 Rc3 36. Rg8+ Kxg8 37. a8=Q+ Kg7
38. Ne5 Rc1+ 39. Kh2 Nf4 40. Qa5 Rc2 41. Qa1 f6 42. Nd7 Rxf2 43. Qxf6+ Kg8
44. Qxh6 Rxg2+ 45. Kh1 Rg7 46. Qxf4 Rxd7 47. Qg5+ Rg7 48. Qd8+ Kh7 49. h4
Rg6 50. Qe7+ Kh6 51. Qf8+ { Black forfeits on time } 1-0

[Event "ICC tourney 2552 (3 2)"]
[Site "Internet Chess Club"]
[Date "2021.05.07"]
[Round "1"]
[White "CUI, ETHAN:K06-17351316"]
[Black "MUTHUKUMARAN, ARJUN:K03-30018527"]
[Result "0-1"]
[ICCResult "White checkmated"]
[WhiteElo "1400"]
[BlackElo "1400"]
[Opening "Sicilian: Hungarian variation"]
[ECO "B27"]
[NIC "SI.43"]
[Time "18:02:15"]
[PlyCount "150"]
[TimeControl "180+2"]

1. e4 c5 2. Nf3 g6 3. d3 Bg7 4. g3 Nc6 5. Bg2 d6 6. Nbd2 Nf6 7. O-O Be6 8.
a4 a5 9. b3 Nxe4 10. dxe4 Bxa1 11. Ba3 Bg7 12. Ng5 O-O 13. h4 h6 14. Ngf3
Bg4 15. Qe1 Nd4 16. c3 Nc2 17. Qc1 Nxa3 18. Qxa3 Bxc3 19. Qc1 Bb4 20. Nc4
Ra6 21. Qxh6 Bxf3 22. Bxf3 Bc3 23. h5 Bg7 24. Qg5 d5 25. exd5 e5 26. Qxd8
Rxd8 27. Rd1 Rad6 28. Nxd6 Rxd6 29. Rc1 b6 30. Kg2 gxh5 31. Bxh5 Rxd5 32.
Kf3 Rd3+ 33. Kg2 Rxb3 34. Rd1 c4 35. Rc1 c3 36. Kf3 c2+ 37. Ke2 Rc3 38. Kd2
Rc4 39. Be2 Rc7 40. Bd3 Rd7 41. Kxc2 Rc7+ 42. Kd2 Rxc1 43. Bb5 Rc7 44. Kd3
Kh7 45. Ke4 Kg6 46. Bd3 Kg5 47. Kf3 Rc3 48. Ke3 Ra3 49. Ke4 Rxa4+ 50. Ke3
Rb4 51. f4+ exf4+ 52. gxf4+ Rxf4 53. Ba6 a4 54. Bd3 a3 55. Bb1 Rf1 56. Ba2
Ra1 57. Bxf7 a2 58. Bxa2 Rxa2 59. Ke4 Ra5 60. Kd3 Rc5 61. Ke4 Kf6 62. Kd3
Ke5 63. Ke3 Rd5 64. Ke2 Rd4 65. Ke3 Kd5 66. Kf3 Re4 67. Kf2 Kd4 68. Kf3 Kd3
69. Kf2 Re3 70. Kf1 Re2 71. Kg1 Ke3 72. Kf1 Kf3 73. Kg1 Bd4+ 74. Kh1 Be5
75. Kg1 Re1# { White checkmated } 0-1

[Event "ICC tourney 2552 (3 2)"]
[Site "Internet Chess Club"]
[Date "2021.05.07"]
[Round "1"]
[White "PENG, LIONEL:K03-17121368"]
[Black "KUO, TRISTAN:K06-16624110"]
[Result "1-0"]
[ICCResult "Black forfeits on time"]
[WhiteElo "1400"]
[BlackElo "1400"]
[Opening "Sicilian defense"]
[ECO "B30"]
[NIC "SI.31"]
[Time "18:06:53"]
[PlyCount "51"]
[TimeControl "180+2"]

1. e4 c5 2. Nf3 Nc6 3. Bc4 d6 4. O-O Nf6 5. Nc3 g6 6. d3 Bg7 7. Bg5 O-O 8.
Qd2 a6 9. Bh6 b5 10. Bb3 Bb7 11. Nd5 Re8 12. Rab1 Qd7 13. Nb6 Qc7 14. Nxa8
Rxa8 15. Bxg7 Kxg7 16. c4 b4 17. a3 a5 18. Bc2 Qd7 19. Ba4 Rc8 20. Bxc6
Bxc6 21. d4 Nxe4 22. Qe3 Qe6 23. d5 Bxd5 24. cxd5 Qxd5 25. Rfd1 Qf5 26. Qd3
{ Black forfeits on time } 1-0

[Event "ICC tourney 2552 (3 2)"]
[Site "Internet Chess Club"]
[Date "2021.05.07"]
[Round "1"]
[White "CHANG, ANTHONY:K01-30154131"]
[Black "MADDINENI, SHISHIR:K05-17244051"]
[Result "0-1"]
[ICCResult "White forfeits on time"]
[WhiteElo "1400"]
[BlackElo "1400"]
[Opening "Three knights game"]
[ECO "C46"]
[NIC "KP.06"]
[Time "18:02:31"]
[PlyCount "62"]
[TimeControl "180+2"]

1. e4 e5 2. Nf3 Nc6 3. Nc3 d6 4. Bc4 Be6 5. d3 Qd7 6. Be3 O-O-O 7. O-O Nf6
8. Qe2 Bxc4 9. dxc4 Qe6 10. b3 Nb4 11. Bxa7 b6 12. Nd5 Nc6 13. Bxb6 cxb6
14. Nxb6+ Kb7 15. Nd5 Nxd5 16. exd5 Nd4 17. Nxd4 Qg6 18. Nf3 Re8 19. Nh4
Qg5 20. Nf3 Qf4 21. Qe3 Qf5 22. Rfe1 Qxc2 23. Qe4 Qb2 24. Qb1 Qa3 25. Nd2
Qb4 26. Qb2 e4 27. Rxe4 Be7 28. Rd4 Bf6 29. Qc2 Bxd4 30. Ne4 Bxa1 31. Nc3
Bxc3 { White forfeits on time } 0-1

[Event "ICC tourney 2552 (3 2)"]
[Site "Internet Chess Club"]
[Date "2021.05.07"]
[Round "1"]
[White "KAIPA, ADITYA:K03-17069123"]
[Black "NATHAN, KRISH:K06-16190973"]
[Result "1-0"]
[ICCResult "Black resigns"]
[WhiteElo "1400"]
[BlackElo "1400"]
[Opening "Petrov's defense"]
[ECO "C42"]
[NIC "RG.03"]
[Time "18:04:00"]
[PlyCount "93"]
[TimeControl "180+2"]

1. e4 e5 2. Nf3 Nf6 3. Nxe5 Nc6 4. Nxc6 dxc6 5. Nc3 Bc5 6. Be2 h5 7. d3 Ng4
8. Bxg4 Bxg4 9. f3 Be6 10. g3 h4 11. g4 h3 12. Qe2 Qh4+ 13. Kf1 Rd8 14. Be3
Bxe3 15. Qxe3 Qf6 16. g5 Qe7 17. f4 Bd7 18. Re1 f6 19. g6 Kf8 20. f5 Be8
21. Qxa7 b6 22. Qa4 c5 23. Qb3 Qe5 24. Ne2 Rd7 25. Qc3 Qxc3 26. Nxc3 Rh4
27. Ne2 Rd8 28. Kf2 Bb5 29. Ke3 c4 30. Nd4 Ba6 31. Ne6+ Ke7 32. Nxd8 Kxd8
33. Reg1 cxd3 34. cxd3 Bb5 35. Rg3 Bd7 36. Rhg1 c5 37. Rg4 Rh8 38. Rf4 Bc6
39. Rgg4 Rh5 40. Rh4 Rg5 41. Rfg4 Rxg4 42. Rxg4 Ke7 43. Rh4 Kd6 44. Rh7 Ke5
45. Rxg7 b5 46. Rh7 Bd5 47. exd5 { Black resigns } 1-0

[Event "ICC tourney 2552 (3 2)"]
[Site "Internet Chess Club"]
[Date "2021.05.07"]
[Round "1"]
[White "SCOLLON, OWEN:K05-17108421"]
[Black "CHETLAPALLI, VISHNU:K01-30144870"]
[Result "0-1"]
[ICCResult "White resigns"]
[WhiteElo "1400"]
[BlackElo "1400"]
[Opening "Scandinavian gambit"]
[ECO "B01"]
[NIC "SD.03"]
[Time "18:02:30"]
[PlyCount "114"]
[TimeControl "180+2"]

1. e4 d5 2. exd5 Nf6 3. c4 c6 4. dxc6 Nxc6 5. Nf3 e5 6. Nc3 Bc5 7. Qe2 O-O
8. g3 e4 9. Ng5 Bg4 10. Qxe4 Nxe4 11. Ngxe4 Re8 12. Bg2 f5 13. h3 Bh5 14.
g4 Bg6 15. gxf5 Bxf5 16. O-O Bxe4 17. Nxe4 Bb6 18. c5 Bc7 19. f4 Rxe4 20.
Bxe4 Qd4+ 21. Rf2 Qxe4 22. b3 Nd4 23. Bb2 Nf3+ 24. Kf1 Bxf4 25. Rd1 Nh2+
26. Kg1 Rf8 27. Rdf1 Qg6+ 28. Kh1 Qc6+ 29. Kg1 Nf3+ 30. Rxf3 Bh2+ 31. Kg2
Rxf3 32. Rxf3 Bc7 33. Kf2 Qg6 34. d4 h6 35. Bc1 Qc2+ 36. Bd2 Qxd2+ 37. Kf1
Qd1+ 38. Kf2 Qd2+ 39. Kf1 Qxa2 40. b4 Qb1+ 41. Kf2 Qxb4 42. Rd3 Bf4 43. Kf3
Bd2 44. Ke2 Bc3 45. Ke3 Be1 46. Ke4 Bh4 47. Kd5 Bf6 48. Ke4 Kf7 49. Kd5 Ke7
50. Re3+ Kd7 51. Rd3 a5 52. Ke4 a4 53. Kf5 a3 54. Kg6 a2 55. Rd1 Qb1+ 56.
Rxb1 axb1=Q+ 57. Kf7 Qf5 { White resigns } 0-1

[Event "ICC tourney 2552 (3 2)"]
[Site "Internet Chess Club"]
[Date "2021.05.07"]
[Round "1"]
[White "LI, AIDAN:K05-16624042"]
[Black "CHAO, MATTHEW:K01-30069592"]
[Result "1-0"]
[ICCResult "Black forfeits on time"]
[WhiteElo "1400"]
[BlackElo "1400"]
[Opening "Giuoco Piano"]
[ECO "C50"]
[NIC "IG.02"]
[Time "18:03:19"]
[PlyCount "99"]
[TimeControl "180+2"]

1. e4 e5 2. Bc4 Nc6 3. Nf3 Bc5 4. O-O Nf6 5. d3 d6 6. h3 O-O 7. Bg5 h6 8.
Bh4 Re8 9. Nc3 Bd7 10. Qd2 Bb4 11. a3 Ba5 12. b4 Bb6 13. Na4 a6 14. Nxb6
cxb6 15. Ba2 Be6 16. Rfe1 Bxa2 17. Rxa2 a5 18. b5 Na7 19. a4 Nc8 20. Nh2
Ne7 21. Bxf6 gxf6 22. Qxh6 Ng6 23. Ng4 Re6 24. Raa1 d5 25. exd5 Qxd5 26. h4
Qd8 27. h5 Qf8 28. hxg6 fxg6 29. Qxg6+ Qg7 30. Nh6+ Kf8 31. Qxg7+ Kxg7 32.
Nf5+ Kg6 33. Ne3 Kf7 34. Nf5 Rc8 35. Rac1 Rc3 36. Re4 Kg6 37. Nh4+ Kf7 38.
Nf3 Ra3 39. Kf1 Kg6 40. Nh4+ Kh5 41. Nf3 Kg6 42. Nd4 Rxa4 43. Nxe6 Ra3 44.
c3 Rb3 45. Nc7 Kf7 46. Rc2 Ke7 47. Rd2 Kd7 48. Na8 Rxb5 49. c4 Rb1+ 50. Ke2
{ Black forfeits on time } 1-0

[Event "ICC tourney 2552 (3 2)"]
[Site "Internet Chess Club"]
[Date "2021.05.07"]
[Round "1"]
[White "BHOOMA, DHIVIJ:K05-16188670"]
[Black "INDUKURI, SUHAS:K01-16887781"]
[Result "0-1"]
[ICCResult "White checkmated"]
[WhiteElo "1400"]
[BlackElo "1400"]
[Opening "Sicilian defense"]
[ECO "B40"]
[NIC "SI.43"]
[Time "18:02:30"]
[PlyCount "132"]
[TimeControl "180+2"]

1. e4 c5 2. Nf3 e6 3. Bc4 d5 4. exd5 exd5 5. Qe2+ Be6 6. Bb5+ Nc6 7. Bxc6+
bxc6 8. O-O Be7 9. d4 Nf6 10. dxc5 Bxc5 11. Nc3 O-O 12. Be3 Bxe3 13. Qxe3
Re8 14. Qc5 Qc7 15. Nd4 Rac8 16. Nxe6 Rxe6 17. Nd1 Ne4 18. Qd4 Rh6 19. h3
Re6 20. Nc3 Nxc3 21. Qxc3 Qb6 22. Rfe1 Rce8 23. Rxe6 Rxe6 24. b3 Re2 25.
Rf1 Re4 26. Qf3 Qc7 27. c4 Qf4 28. cxd5 cxd5 29. Qc3 h6 30. Qg3 Qxg3 31.
fxg3 Re2 32. a4 Rb2 33. Rf3 Kf8 34. g4 Ke7 35. h4 f6 36. Rg3 g5 37. hxg5
fxg5 38. Kf1 Ke6 39. Ke1 Ke5 40. Rf3 Ke4 41. b4 Rxg2 42. Rf2 Rxg4 43. b5
Rg1+ 44. Rf1 Rxf1+ 45. Kxf1 Ke5 46. a5 Kd6 47. b6 axb6 48. a6 Kc7 49. a7
Kb7 50. a8=Q+ Kxa8 51. Ke2 b5 52. Kd3 h5 53. Kd4 h4 54. Kxd5 h3 55. Kc5 h2
56. Kxb5 h1=Q 57. Kc5 Qd1 58. Kc4 Ka7 59. Kc5 Ka6 60. Kc4 Qd2 61. Kc5 Qd3
62. Kc6 Qd4 63. Kc7 Qd5 64. Kc8 Qf7 65. Kd8 Kb6 66. Kc8 Qc7# { White
checkmated } 0-1

[Event "ICC tourney 2552 (3 2)"]
[Site "Internet Chess Club"]
[Date "2021.05.07"]
[Round "1"]
[White "KIRKUS, GRANT:K03-30161085"]
[Black "LOVE, ANDREAS:K01-30154512"]
[Result "0-1"]
[ICCResult "White checkmated"]
[WhiteElo "1400"]
[BlackElo "1139"]
[Opening "Sicilian: closed, 2...Nc6"]
[ECO "B23"]
[NIC "SI.44"]
[Time "18:02:50"]
[PlyCount "114"]
[TimeControl "180+2"]

1. e4 c5 2. Nc3 Nc6 3. Nf3 g6 4. Bc4 e6 5. d3 Bg7 6. Bd2 Nge7 7. O-O O-O 8.
Ng5 h6 9. Nf3 d6 10. d4 cxd4 11. Nb5 e5 12. Bb4 Nxb4 13. a3 Nbc6 14. c3
dxc3 15. Nxd6 cxb2 16. Rb1 Bg4 17. Nxb7 Qc7 18. Rxb2 Rab8 19. Ba6 Rfe8 20.
Qc2 Bxf3 21. gxf3 Bf6 22. Rd1 h5 23. Nd6 Rxb2 24. Nxe8 Qb6 25. Nxf6+ Kf8
26. Rd8+ Nxd8 27. Nd7+ Ke8 28. Nxb6 Rxc2 29. Bb5+ Kf8 30. Nd7+ Kg7 31. Nxe5
Rc1+ 32. Kg2 Rb1 33. Bd7 Ra1 34. a4 Nb7 35. h3 Nc5 36. f4 Nxd7 37. Nxd7
Rxa4 38. e5 Rxf4 39. f3 Rd4 40. Nf6 Rd2+ 41. Kg3 Re2 42. f4 Rb2 43. h4 a5
44. Kf3 a4 45. Ke3 a3 46. Kd3 a2 47. Kc3 a1=Q 48. Ne8+ Kf8 49. Nf6 Qb1 50.
Nd7+ Ke8 51. Nf6+ Kd8 52. Nd5 Qc1+ 53. Kd3 Rd2+ 54. Ke3 Qe1+ 55. Kf3 Rf2+
56. Kg3 Qg1+ 57. Kh3 Rh2# { White checkmated } 0-1

[Event "ICC tourney 2552 (3 2)"]
[Site "Internet Chess Club"]
[Date "2021.05.07"]
[Round "1"]
[White "CHEN, LAFAYETTE:K05-16910808"]
[Black "LIU, DAVID:K05-15646077"]
[Result "1/2-1/2"]
[ICCResult "Game drawn by mutual agreement"]
[WhiteElo "1529"]
[BlackElo "1400"]
[Opening "English: symmetrical variation"]
[ECO "A36"]
[NIC "EO.64"]
[Time "18:03:41"]
[PlyCount "111"]
[TimeControl "180+2"]

1. c4 c5 2. Nc3 Nc6 3. g3 g6 4. Bg2 Nf6 5. e4 Bg7 6. Nge2 O-O 7. O-O e5 8.
d3 d6 9. h3 Be6 10. Kh2 Qe7 11. Be3 b6 12. Qd2 Kh8 13. Bh6 Rae8 14. Nd5
Bxd5 15. cxd5 Nd4 16. Nxd4 exd4 17. Bxg7+ Kxg7 18. a4 a6 19. b4 Rc8 20.
Rfc1 a5 21. bxa5 bxa5 22. Qxa5 Qe5 23. Qd2 Qh5 24. Kg1 Qe5 25. a5 Nd7 26.
h4 h5 27. Bh3 Rfd8 28. Bxd7 Rxd7 29. Ra2 Ra7 30. Ra4 Ra6 31. Rca1 Qf6 32.
Kg2 Rca8 33. f4 Qe7 34. Qb2 f5 35. Kf3 Re8 36. Qc2 fxe4+ 37. dxe4 Raa8 38.
a6 Reb8 39. a7 Rb7 40. Qa2 Re8 41. Re1 Ra8 42. Re2 Rbxa7 43. Rxa7 Rxa7 44.
Qb2 Qb7 45. Qc2 Ra3+ 46. Kg2 Qb4 47. Rf2 d3 48. Qd2 Qxd2 49. Rxd2 Rc3 50.
Kf3 Rc2 51. Rxd3 c4 52. Rd4 c3 53. Rc4 Rc1 54. Kg2 c2 55. Kh2 Rh1+ 56. Kxh1
{ Game drawn by mutual agreement } 1/2-1/2

[Event "ICC tourney 2552 (3 2)"]
[Site "Internet Chess Club"]
[Date "2021.05.07"]
[Round "1"]
[White "ARJI, SAMARTH:K05-16959461"]
[Black "WU, TERRAIN:K01-30135638"]
[Result "0-1"]
[ICCResult "White checkmated"]
[WhiteElo "1400"]
[BlackElo "1400"]
[Opening "Sicilian"]
[ECO "B50"]
[NIC "SI.01"]
[Time "18:03:41"]
[PlyCount "110"]
[TimeControl "180+2"]

1. e4 c5 2. Nf3 d6 3. Bc4 Nf6 4. Nc3 g6 5. O-O Bg7 6. d3 O-O 7. Bg5 Be6 8.
h3 Nc6 9. Bxe6 fxe6 10. Re1 Rc8 11. Qd2 Nh5 12. Bh6 Qe8 13. Bxg7 Nxg7 14.
e5 Qf7 15. Ng5 Qf5 16. Nge4 Nxe5 17. Ng3 Qf3 18. gxf3 Nxf3+ 19. Kg2 Nxd2
20. Nce4 Nxe4 21. Nxe4 Nf5 22. Ng5 Nh4+ 23. Kh2 h6 24. Nxe6 Nf3+ 25. Kg2
Nxe1+ 26. Rxe1 Rf6 27. b3 b5 28. c4 bxc4 29. dxc4 Kf7 30. f4 Rxe6 31. f5
Rxe1 32. Kf2 Re5 33. Kf3 Rxf5+ 34. Ke4 Rb8 35. Kd3 a5 36. Kc3 Rb4 37. Kb2
Rf3 38. Kc2 Rxh3 39. Kd2 Rh2+ 40. Ke3 Rxa2 41. Kf4 Rb2 42. Kg3 R2xb3+ 43.
Kf4 a4 44. Ke4 Rxc4+ 45. Kd5 Rd4+ 46. Kc6 c4 47. Kd7 c3 48. Kd8 Rb8+ 49.
Kc7 c2 50. Kd7 Rb7+ 51. Kc6 c1=Q+ 52. Kxb7 Rb4+ 53. Ka6 Qc6+ 54. Ka5 Rb5+
55. Kxa4 Qa6# { White checkmated } 0-1

[Event "ICC tourney 2552 (3 2)"]
[Site "Internet Chess Club"]
[Date "2021.05.07"]
[Round "1"]
[White "J CHEN, LUCAS:K03-16913511"]
[Black "JAIN, VARYAN:K06-15858144"]
[Result "0-1"]
[ICCResult "White forfeits on time"]
[WhiteElo "1400"]
[BlackElo "1400"]
[Opening "Scandinavian (center counter) defense"]
[ECO "B01"]
[NIC "SD.01"]
[Time "18:02:53"]
[PlyCount "134"]
[TimeControl "180+2"]

1. e4 d5 2. exd5 Qxd5 3. Nc3 Qa5 4. Nf3 Bf5 5. Bc4 e6 6. Qe2 c6 7. d3 Bd6
8. h3 Nf6 9. O-O Nbd7 10. Be3 Qc7 11. Rfe1 O-O 12. Rad1 Rfe8 13. d4 Rad8
14. Bg5 h6 15. Bxf6 Nxf6 16. Ne5 Nd5 17. Nxd5 cxd5 18. Bd3 Bxd3 19. Qxd3
Bxe5 20. dxe5 Rc8 21. c3 Qc4 22. Qxc4 Rxc4 23. Rd3 Rec8 24. Ree3 Kf8 25.
Kf1 a5 26. Ke2 b5 27. a3 a4 28. Kf3 g5 29. Kg3 Kg7 30. Kf3 Kg6 31. g4 Rf4+
32. Kg3 Rfc4 33. Rf3 R8c7 34. h4 R4c5 35. h5+ Kg7 36. Rf6 Rc4 37. Kf3 Re4
38. Re3 Rcc4 39. Rxe4 Rxe4 40. Kg3 Rxe5 41. Rf3 Re4 42. Rd3 Kf6 43. Rf3+
Ke7 44. Re3 Rxe3+ 45. fxe3 Kd6 46. Kf3 Ke5 47. Ke2 f5 48. gxf5 exf5 49. Kf3
g4+ 50. Kg3 Ke4 51. Kf2 f4 52. exf4 Kxf4 53. Kg2 Kg5 54. Kg3 Kxh5 55. Kg2
Kg5 56. Kg3 h5 57. Kg2 h4 58. Kg1 h3 59. Kh2 Kf4 60. Kg1 g3 61. Kf1 Ke3 62.
Kg1 Kf3 63. Kf1 h2 64. Ke1 h1=Q+ 65. Kd2 Qg2+ 66. Kd3 Qxb2 67. Kd4 Qxa3 {
White forfeits on time } 0-1

[Event "ICC tourney 2552 (3 2)"]
[Site "Internet Chess Club"]
[Date "2021.05.07"]
[Round "1"]
[White "VALISEKKAGARI, SAICHARAN:K06-16250885"]
[Black "HEMISH PARIKH, VIAN:K03-17080518"]
[Result "1/2-1/2"]
[ICCResult "White stalemated"]
[WhiteElo "1400"]
[BlackElo "1400"]
[Opening "Scandinavian defense"]
[ECO "B01"]
[NIC "SD.03"]
[Time "18:04:00"]
[PlyCount "114"]
[TimeControl "180+2"]

1. e4 d5 2. exd5 Nf6 3. Nf3 Nxd5 4. Bc4 Nf6 5. Nc3 Bg4 6. O-O Nc6 7. h3 Bh5
8. Be2 e6 9. d3 Be7 10. Bf4 O-O 11. Ne5 Nxe5 12. Bxe5 Bg6 13. Re1 c6 14.
Bf3 Bd6 15. Bxd6 Qxd6 16. Ne4 Nxe4 17. Bxe4 Rfd8 18. Bxg6 hxg6 19. Qe2 Re8
20. Qe5 Rad8 21. Rad1 Qd5 22. Qxd5 Rxd5 23. Re4 b5 24. Rde1 a5 25. Re5 Red8
26. R1e4 Rxe5 27. Rxe5 Rd5 28. Rxd5 cxd5 29. f4 Kh7 30. Kf2 Kh6 31. Ke3 f5
32. Kd4 g5 33. g3 gxf4 34. gxf4 Kh5 35. Kc5 Kh4 36. Kxb5 Kxh3 37. Kxa5 Kg3
38. b4 Kxf4 39. b5 g5 40. b6 g4 41. b7 g3 42. b8=Q+ Kf3 43. Qb6 g2 44. Qb7
g1=Q 45. Qb4 Ke2 46. c4 dxc4 47. Qxc4 Qe1+ 48. Ka6 Qg3 49. Qxe6+ Kd2 50.
Qxf5 Qxd3+ 51. Qxd3+ Kxd3 52. a4 Kc4 53. a5 Kc5 54. Ka7 Kc6 55. a6 Kc7 56.
Ka8 Kb6 57. a7 Kc7 { White stalemated } 1/2-1/2

[Event "ICC tourney 2552 (3 2)"]
[Site "Internet Chess Club"]
[Date "2021.05.07"]
[Round "1"]
[White "MARIMUTHU, ASHWIN:K06-16548496"]
[Black "NULU, AVANEESH:K03-17121270"]
[Result "0-1"]
[ICCResult "White forfeits on time"]
[WhiteElo "1400"]
[BlackElo "1400"]
[Opening "QGA: 3.e4"]
[ECO "D20"]
[NIC "QG.04"]
[Time "18:03:41"]
[PlyCount "102"]
[TimeControl "180+2"]

1. d4 d5 2. c4 dxc4 3. e4 Nc6 4. Bxc4 Qxd4 5. Qxd4 Nxd4 6. Na3 e5 7. Be3
Bxa3 8. bxa3 Nc2+ 9. Kd1 Nxa1 10. Nf3 f6 11. Kd2 Bg4 12. Rxa1 Bxf3 13. gxf3
O-O-O+ 14. Ke1 Kb8 15. Rb1 b6 16. Rb3 Rd6 17. Bd5 Ne7 18. Rd3 Nxd5 19. exd5
c6 20. Ke2 Rxd5 21. Rc3 c5 22. Kf1 Rd1+ 23. Kg2 Ra1 24. Rc2 Rd8 25. Rb2
Rdd1 26. Kh3 Rdb1 27. Rd2 Kc7 28. f4 exf4 29. Bxf4+ Kc6 30. Rd6+ Kb5 31.
Rd2 Ka4 32. Rd3 Rxa2 33. Rf3 Rxa3 34. Rxa3+ Kxa3 35. f3 Rf1 36. Kg3 c4 37.
h4 c3 38. Kg4 c2 39. h5 c1=Q 40. Bxc1+ Rxc1 41. f4 Rg1+ 42. Kf5 b5 43. Ke6
b4 44. Kf7 b3 45. Kg8 b2 46. Kxh7 b1=Q+ 47. Kg8 Qb8+ 48. Kf7 Qc7+ 49. Ke6
Re1+ 50. Kf5 Qc5+ 51. Kg6 Rg1+ { White forfeits on time } 0-1

[Event "ICC tourney 2552 (3 2)"]
[Site "Internet Chess Club"]
[Date "2021.05.07"]
[Round "1"]
[White "SWEENEY, JACKSON:K05-30028117"]
[Black "STAMOS, NICOLAS:K01-30168054"]
[Result "1-0"]
[ICCResult "Black checkmated"]
[WhiteElo "1400"]
[BlackElo "1400"]
[Opening "Queen's pawn game"]
[ECO "D02"]
[NIC "QP.08"]
[Time "18:03:00"]
[PlyCount "143"]
[TimeControl "180+2"]

1. d4 d5 2. Nf3 g5 3. Bxg5 f6 4. Bf4 e5 5. dxe5 fxe5 6. Bxe5 Nf6 7. Bxf6
Qxf6 8. Nc3 d4 9. Nd5 Qd6 10. c4 c6 11. Nf6+ Ke7 12. Ng4 Qb4+ 13. Nd2 Qxb2
14. e3 dxe3 15. fxe3 Qb6 16. Rb1 Qa6 17. Ne4 Qxa2 18. Bd3 Bxg4 19. Qc1 Qa5+
20. Kf1 Qf5+ 21. Nf2 Qa5 22. Nxg4 Rg8 23. h3 h5 24. Bh7 Rg7 25. Rxb7+ Ke8
26. Nf6+ Kd8 27. Qd1+ Kc8 28. Rxg7 Bxg7 29. Bf5+ Qxf5+ 30. Kg1 Qxf6 31. Qb1
Bh6 32. Kh2 Qd6+ 33. Kg1 Qf6 34. Qh7 Qg5 35. Kf2 Qh4+ 36. Ke2 Qg4+ 37. Kd2
Qd7+ 38. Qd3 Qe7 39. Rf1 Qxe3+ 40. Qxe3 Bxe3+ 41. Kxe3 a5 42. Rf7 a4 43. g4
a3 44. gxh5 a2 45. Rf1 a1=Q 46. Rxa1 Rxa1 47. h6 Ra3+ 48. Kd4 Ra4 49. h7
Ra5 50. h8=Q+ Kc7 51. Qg7+ Nd7 52. h4 c5+ 53. Kc3 Ra3+ 54. Kb2 Ra8 55. h5
Ra7 56. h6 Ra8 57. h7 Kc6 58. h8=Q Rxh8 59. Qxh8 Nf6 60. Qxf6+ Kb7 61. Qe7+
Kb6 62. Qd8+ Kc6 63. Kb3 Kb7 64. Qd6 Kc8 65. Qxc5+ Kd8 66. Qb6+ Ke8 67. c5
Kf8 68. c6 Ke8 69. c7 Kf8 70. c8=Q+ Kf7 71. Qcc7+ Kf8 72. Qbb8# { Black
checkmated } 1-0

[Event "ICC tourney 2552 (3 2)"]
[Site "Internet Chess Club"]
[Date "2021.05.07"]
[Round "1"]
[White "SU, ALLEN:K03-30149550"]
[Black "ARUMALLA, NEIL:K05-30154350"]
[Result "1-0"]
[ICCResult "Black resigns"]
[WhiteElo "1400"]
[BlackElo "1193"]
[Opening "KP: Nimzovich defense"]
[ECO "B00"]
[NIC "VO.05"]
[Time "18:04:00"]
[PlyCount "109"]
[TimeControl "180+2"]

1. e4 Nc6 2. Nf3 Nf6 3. Nc3 e6 4. Bc4 d5 5. exd5 exd5 6. Bb3 Bc5 7. O-O Ng4
8. h3 Nxf2 9. Rxf2 Bxf2+ 10. Kxf2 Be6 11. d3 Qd6 12. Be3 O-O-O 13. Bd2 h6
14. Qe1 g5 15. Qe3 d4 16. Qe4 Bxb3 17. Nb5 Qd5 18. Qxd5 Bxd5 19. Nfxd4 Rhe8
20. Nxc6 Bxc6 21. Nxa7+ Kb8 22. Nxc6+ bxc6 23. Bb4 Rd7 24. a4 Rd5 25. Kg1
Rde5 26. a5 c5 27. Bc3 Re2 28. a6 Ka7 29. Bg7 Re1+ 30. Rxe1 Rxe1+ 31. Kh2
Re2 32. Bxh6 Rxc2 33. Bxg5 Rxb2 34. Bf4 c6 35. Bd6 Rc2 36. h4 Kxa6 37. h5
Rf2 38. h6 Rf6 39. Bf8 Kb7 40. Kh3 Kc7 41. Kh4 Kd7 42. Kg5 Rd6 43. h7 Rd5+
44. Kh6 Rd6+ 45. Kg7 Rg6+ 46. Kh8 Ke8 47. Bg7 f6 48. Kg8 Rxg7+ 49. Kxg7 f5
50. h8=Q+ Ke7 51. Qf8+ Kd7 52. Qxf5+ Kc7 53. Qxc5 Kd7 54. Qb6 Kd6 55. g3 {
Black resigns } 1-0

[Event "ICC tourney 2552 (3 2)"]
[Site "Internet Chess Club"]
[Date "2021.05.07"]
[Round "1"]
[White "THIMMASAMUDRAM, SANDEEP:K05-16278356"]
[Black "LIN, CARL:K01-17110834"]
[Result "0-1"]
[ICCResult "White forfeits on time"]
[WhiteElo "1400"]
[BlackElo "1400"]
[Opening "Giuoco Pianissimo: Italian four knights variation"]
[ECO "C50"]
[NIC "IG.02"]
[Time "18:03:15"]
[PlyCount "126"]
[TimeControl "180+2"]

1. e4 e5 2. Nf3 Nc6 3. Bc4 Bc5 4. Nc3 Nf6 5. d3 h6 6. Be3 Bb6 7. h3 d6 8.
O-O Be6 9. Bb3 O-O 10. Nh2 d5 11. exd5 Nxd5 12. Nxd5 Bxd5 13. Bxd5 Qxd5 14.
Bxb6 axb6 15. f4 exf4 16. Rxf4 Rfe8 17. Rf1 Rxa2 18. Rb1 Qd4+ 19. Kh1 Rxb2
20. Rxb2 Qxb2 21. Qh5 Qa2 22. Nf3 Qa5 23. Qh4 Qb4 24. Qf2 Qe7 25. Re1 Qd7
26. Rf1 Re7 27. Nh2 Qe8 28. Qg3 Qc8 29. Ng4 Re6 30. Nf6+ Kh8 31. Nh5 Qg8
32. Qh4 Ne5 33. d4 Ng6 34. Qg4 Re8 35. c3 Kh7 36. Kh2 Qf8 37. Kh1 Re7 38.
Qf5 Qe8 39. Qf2 f6 40. Ng3 Nf8 41. Qf5+ Kh8 42. Qf2 Ne6 43. Nf5 Rf7 44. Qe3
Qd7 45. Qg3 Ng5 46. h4 Ne4 47. Qe3 Nd6 48. d5 Nxf5 49. Rxf5 Qxf5 50. Qe8+
Kh7 51. Qxf7 Qf1+ 52. Kh2 Qf4+ 53. Kh1 Qc1+ 54. Kh2 Qxc3 55. Qd7 Qe5+ 56.
Kh1 Qe1+ 57. Kh2 Qxh4+ 58. Kg1 Qd4+ 59. Kh2 Qe5+ 60. Kg1 Qd6 61. Qf5+ g6
62. Qd3 Qc5+ 63. Kh1 f5 { White forfeits on time } 0-1

[Event "ICC tourney 2552 (3 2)"]
[Site "Internet Chess Club"]
[Date "2021.05.07"]
[Round "1"]
[White "MANTRI, RISHITHA:K06-16467257"]
[Black "FINNERTY, BRENDAN:K03-17108971"]
[Result "1-0"]
[ICCResult "Black checkmated"]
[WhiteElo "1400"]
[BlackElo "1400"]
[Opening "Evans gambit declined"]
[ECO "C51"]
[NIC "IG.05"]
[Time "18:02:14"]
[PlyCount "125"]
[TimeControl "180+2"]

1. e4 e5 2. Nf3 Nc6 3. Bc4 Bc5 4. b4 Bb6 5. b5 Nd4 6. Nxe5 d5 7. Bxd5 Be6
8. Bxb7 Rb8 9. Bd5 Bxd5 10. Nc6 Bxc6 11. bxc6 Nxc6 12. Nc3 Nf6 13. O-O O-O
14. Na4 Bd4 15. c3 Be5 16. d3 Ne7 17. Ba3 Bd6 18. Nc5 Ng6 19. d4 Bxc5 20.
Bxc5 Nxe4 21. Bxf8 Kxf8 22. Qd3 Nf6 23. Rfe1 Qd6 24. Re3 Nf4 25. Qc4 N4d5
26. Re5 Nb6 27. Qe2 Nbd7 28. Re3 Re8 29. Re1 Rxe3 30. Qxe3 Qe6 31. Qxe6
fxe6 32. Rxe6 Kf7 33. Rc6 Nd5 34. c4 Nb4 35. Rxc7 Ke7 36. Rxa7 Nc2 37. d5
Nd4 38. a4 Kd6 39. a5 Ne2+ 40. Kf1 Nc3 41. a6 Nb6 42. Rxg7 Kc5 43. a7 Kxc4
44. Rc7+ Kd4 45. Rb7 Ncxd5 46. Rxb6 Nxb6 47. f4 Ke4 48. g3 Kf5 49. Kg2 h5
50. h4 Kg4 51. Kf2 Kf5 52. Kf3 Kg6 53. g4 hxg4+ 54. Kxg4 Kh6 55. h5 Kg7 56.
Kg5 Kf7 57. f5 Kg7 58. f6+ Kf7 59. h6 Kg8 60. Kg6 Na8 61. h7+ Kh8 62. f7
Nc7 63. f8=Q# { Black checkmated } 1-0